 Dungeon Crawl Stone Soup version 0.20.1-1-g8b1a95d66d (webtiles) character file.

63866 Ilyson the Severer (level 14, -18/130 HPs)
             Began as a Minotaur Berserker on Dec 17, 2017.
             Was a High Priest of Trog.
             Killed from afar by a shock serpent (20 damage)
             ... with a bolt of electricity
             ... on level 3 of the Snake Pit on Dec 18, 2017.
             The game lasted 01:38:42 (24019 turns).

Ilyson the Severer (Minotaur Berserker)            Turns: 24019, Time: 01:38:42

Health: -18/130    AC: 21    Str: 23    XL:     14   Next: 69%
Magic:  13/13      EV: 15    Int:  4    God:    Trog [*****.]
Gold:   726        SH:  0    Dex: 16    Spells: 13/13 levels left

rFire    . . .     SeeInvis .   K - +1 executioner's axe (distort)
rCold    . . .     Gourm    .   (shield currently unavailable)
rNeg     . . .     Faith    .   H - -1 plate armour
rPois    +         Spirit   .   i - +0 hat
rElec    .         Reflect  .   s - +1 cloak {rPois}
rCorr    .         Harm     .   w - +0 pair of gloves
MR       +++..                  e - +0 pair of boots
Stlth    ..........             D - amulet of magic regeneration
Regen    0.4/turn               P - ring of protection from magic
MPRegen  0.2/turn               l - ring of protection from magic

@: no status effects
A: retaliatory headbutt, horns 2, agile 1, blurry vision 1
a: Berserk, Trog's Hand, Brothers in Arms, Burn Spellbooks, Renounce Religion


You were on level 3 of the Snake Pit.
You worshipped Trog.
Trog was extremely pleased with you.
You were hungry.

You visited 6 branches of the dungeon, and saw 22 of its levels.

You collected 1021 gold pieces.
You spent 295 gold pieces at shops.

Inventory:

Hand Weapons
 a - a +0 broad axe
 h - a +0 battleaxe
 K - a +1 executioner's axe of distortion (weapon)
 M - a +1 battleaxe
Armour
 e - a +0 pair of boots (worn)
 i - a +0 hat (worn)
 s - a +1 cloak of poison resistance (worn)
 w - a +0 pair of gloves (worn)
 H - a -1 plate armour (worn)
 R - a cursed +0 plate armour
 V - a +0 cloak
Jewellery
 l - a ring of protection from magic (right hand)
 y - a +2 ring of evasion
 A - an uncursed ring of positive energy
 C - a +1 ring of protection {unknown}
 D - an amulet of magic regeneration (around neck)
 P - a ring of protection from magic (left hand)
Wands
 t - a wand of digging (12/24)
 u - a wand of paralysis (18/24)
 B - a wand of enslavement (14/24)
 I - a wand of paralysis (19/24)
 O - a wand of lightning (7/15)
 T - a wand of disintegration (13/24)
 U - a wand of scattershot (4/9)
 W - a wand of lightning (4/15)
 X - a wand of polymorph (13/24)
 Y - a wand of random effects (22/48)
Scrolls
 d - 5 scrolls of fog
 k - 3 scrolls of enchant armour
 m - 10 scrolls of identify
 n - 3 scrolls of remove curse
 o - 8 scrolls of magic mapping
 r - 10 scrolls of teleportation
 F - a scroll of noise
Potions
 b - 5 potions of curing
 j - 4 potions of heal wounds
 p - a potion of berserk rage
 q - 2 potions of agility
 x - 3 potions of mutation {unknown}
 z - a potion of cancellation {unknown}
 E - 3 potions of might
 G - 3 potions of haste
 L - 4 potions of degeneration {unknown}
 N - a potion of flight {unknown}
 Q - 2 potions of lignification {unknown}
Comestibles
 c - a bread ration
 f - 4 meat rations
 g - 13 royal jellies
 J - 24 fruits


   Skills:
 + Level 13.9 Fighting
 * Level 18.7 Axes
 + Level 14.0 Armour
 + Level 12.9 Dodging


You had 13 spell levels left.
You didn't know any spells.

Dungeon Overview and Level Annotations

Branches:
Dungeon (13/15)            Temple (1/1) D:4            Lair (3/6) D:8
 Shoals (1/4) Lair:3        Snake (3/4) Lair:3          Orc (1/2) D:10
 Vaults: D:13-14

Altars:
Ashenzari
Cheibriados
Dithmenos
Elyvilon
Fedhas
Gozag
Hepliaklqana
Kikubaaqudgha
Makhleb
Nemelex Xobeh
Okawaru
Qazlal
Ru
Sif Muna
Trog
Uskayaw
Vehumet
Xom
Yredelemnul
Zin
The Shining One

Shops:
D:4 :   D:7 (   Snake:1 !   Snake:3 *


Innate Abilities, Weirdness & Mutations

You reflexively headbutt those who attack you in melee.
You have a pair of horns on your head.
You are agile. (Dex +2)
Scrolls take you a little longer to read.


Message History

The bolt of electricity hits the shock serpent.
The shock serpent completely resists.
You feel much better. The shock serpent bites you!
* * * LOW HITPOINT WARNING * * *
The shock serpent shocks you!
* * * LOW HITPOINT WARNING * * *
The shock serpent barely misses you. You furiously retaliate!
You headbutt the shock serpent. You closely miss the shock serpent.
The shock serpent is almost dead.
The shock serpent misses you.
You hit the shock serpent.
You headbutt the shock serpent, but do no damage.
The shock serpent is almost dead.
The shock serpent blinks!
The shock serpent shoots out a bolt of lightning at you!
The bolt of electricity hits you!
* * * LOW HITPOINT WARNING * * *
The bolt of electricity hits you!
You die...

#.# #........ #..
###....##..
#.#######...##.#..)
#.S.....<........))
#....##.......##...
##...[##.......##...
#....∩...##...###...
#....######..).##.#.
#.§@.# #....##.#.
#.#### ......#.#. #
...).#.#..#
...####$... ###
####. ## . ..


You could see a shock serpent.

Vanquished Creatures
  Gastronok (D:8)
  The ghost of BreadTh the Earth Mage, a journeyman SpEE of Dithmenos (D:13)
  Fannar (Lair:1)
  4 naga warriors
  2 hydras
  5 anacondas
  A centaur warrior (D:13)
  5 two-headed ogres
  A shock serpent (Snake:3)
  Urug (Lair:3)
  8 naga sharpshooters
  An unseen horror (D:11)
  2 naga ritualists
  A lindwurm (Lair:3)
  Pikel (D:4)
  6 mana vipers
  A manticore (D:13)
  5 ugly things
  4 salamanders
  Maurice (D:8)
  A merfolk siren (Lair:3)
  4 elephants (Lair:2)
  A guardian serpent (D:12)
  7 naga magi
  11 black mambas
  A gargoyle (D:6)
  3 spiny frogs
  2 komodo dragons (Lair:3)
  2 tengu conjurers
  A queen bee (D:11)
  4 trolls
  3 merfolk (Lair:3)
  2 hornets
  3 slime creatures (D:12)
  4 blink frogs
  4 hippogriffs
  Sigmund (D:2)
  A vampire (D:13)
  3 shadows
  28 yaks
  A wyvern (D:12)
  A fire elemental (Lair:3)
  A hungry ghost (D:13)
  A warg (Orc:1)
  A basilisk (D:11)
  3 vampire mosquitoes (D:12)
  Menkaure (D:5)
  27 nagas
  A soldier ant (D:12)
  3 acid dragons
  4 water moccasins
  8 orc warriors
  4 porcupines
  3 ice beasts
  A hornet zombie (D:7)
  3 ogres
  A phantom (D:9)
  7 sky beasts
  A black bear (D:10)
  14 centaurs
  2 big kobolds
  5 crocodiles
  17 bullfrogs
  Blork the orc (D:6)
  A gnoll sergeant (D:9)
  A wyvern zombie (D:13)
  3 scorpions
  25 killer bees
  6 howler monkeys
  6 electric eels (D:12)
  8 crimson imps
  A bullfrog zombie (D:10)
  4 centaur zombies
  3 jellies
  4 centaur skeletons
  6 orc wizards
  3 orc priests
  8 hounds
  4 iguanas
  10 worker ants
  2 hound zombies
  5 gnolls (D:9)
  A howler monkey skeleton (D:9)
  10 adders
  5 shadow imps
  2 adder zombies
  2 oozes (D:1)
  2 worms (D:2)
  6 leopard geckos
  24 orcs
  A ball python (D:5)
  5 giant cockroaches
  6 goblins
  6 hobgoblins
  4 jackals
  3 quokkas
  2 bats
  3 frilled lizards
  A jackal skeleton (D:5)
  A jackal zombie (D:8)
  9 kobolds
  2 leopard gecko skeletons
  A leopard gecko zombie (D:5)
  5 rats
  5 fungi (D:8)
  2 plants
457 creatures vanquished.

Vanquished Creatures (collateral kills)
  A naga warrior (Snake:3)
  A naga mage (Snake:3)
  2 nagas (Snake:3)
4 creatures vanquished.

Vanquished Creatures (others)
  A yak (D:6)
  A naga (Snake:1)
  A killer bee (D:12)
  A bush (Lair:3)
  4 fungi
  2 plants
10 creatures vanquished.

Grand Total: 471 creatures vanquished

Notes
Turn   | Place    | Note
-------+----------+-------------------------------------------
     0 | D:1      | Ilyson the Minotaur Berserker began the quest for the Orb.
     0 | D:1      | Reached XP level 1. HP: 19/19 MP: 0/0
   195 | D:1      | Reached XP level 2. HP: 23/27 MP: 1/1
   224 | D:1      | Reached skill level 4 in Axes
   718 | D:2      | Reached XP level 3. HP: 33/33 MP: 2/2
  1363 | D:2      | Reached XP level 4. HP: 40/40 MP: 3/3
  1432 | D:2      | Noticed Sigmund
  1451 | D:2      | Killed Sigmund
  1451 | D:2      | Reached skill level 5 in Axes
  1451 | D:2      | Reached XP level 5. HP: 47/47 MP: 4/4
  1584 | D:2      | Found an opulent altar of Gozag.
  2195 | D:3      | Noticed an angel
  2196 | D:3      | Found a glowing silver altar of Zin.
  2458 | D:3      | Found a basalt altar of Yredelemnul.
  2775 | D:3      | Reached ** piety under Trog
  2802 | D:3      | Found a shattered altar of Ashenzari.
  2946 | D:4      | Reached XP level 6. HP: 39/55 MP: 5/5
  3208 | D:4      | Found a sacrificial altar of Ru.
  3240 | D:4      | Reached skill level 5 in Fighting
  3288 | D:4      | Reached skill level 6 in Axes
  3555 | D:4      | Found Huto Ruu's Book Boutique.
  3570 | D:4      | Noticed Pikel
  3570 | D:4      | Noticed a slave
  3571 | D:4      | Noticed a slave
  3571 | D:4      | Noticed a slave
  3573 | D:4      | Noticed a slave
  3578 | D:4      | Killed Pikel
  3578 | D:4      | Reached skill level 7 in Axes
  3578 | D:4      | Reached skill level 5 in Armour
  3578 | D:4      | Reached XP level 7. HP: 62/62 MP: 6/6
  3782 | D:4      | Found a glowing golden altar of the Shining One.
  3953 | D:4      | Found a staircase to the Ecumenical Temple.
  3959 | Temple   | Entered the Ecumenical Temple
  4112 | D:5      | Entered Level 5 of the Dungeon
  4248 | D:5      | Noticed Menkaure
  4263 | D:5      | Killed Menkaure
  4263 | D:5      | Reached skill level 5 in Dodging
  4263 | D:5      | Reached XP level 8. HP: 14/70 MP: 7/7
  4587 | D:5      | Reached skill level 8 in Axes
  5582 | D:6      | Noticed Blork the orc
  5588 | D:6      | Killed Blork the orc
  5650 | D:6      | Reached skill level 9 in Axes
  5708 | D:6      | Reached XP level 9. HP: 53/79 MP: 8/8
  5821 | D:6      | Found a hide-covered altar of Uskayaw.
  6157 | D:6      | Found a stormy altar of Qazlal.
  6217 | D:6      | Noticed a gargoyle
  6291 | D:6      | Killed a gargoyle
  6291 | D:6      | Reached skill level 10 in Axes
  6651 | D:7      | Found a sparkling altar of Nemelex Xobeh.
  6651 | D:7      | Found a shattered altar of Ashenzari.
  6651 | D:7      | Found a bloodstained altar of Trog.
  6745 | D:7      | Found Myco's Antique Weapon Emporium.
  6766 | D:7      | Bought a battleaxe for 175 gold pieces
  6782 | D:7      | Gained mutation: You are agile. (Dex +2) [mutagenic glow]
  6835 | D:7      | Gained mutation: Scrolls take you a little longer to read. [mutagenic glow]
  7026 | D:7      | Found a flagged portal.
  7219 | D:7      | Found a sand-covered staircase.
  7502 | D:8      | Found a shadowy altar of Dithmenos.
  7633 | D:8      | Reached skill level 11 in Axes
  7651 | D:8      | Reached *** piety under Trog
  7724 | D:8      | Noticed Maurice
  7771 | D:8      | Killed Maurice
  7771 | D:8      | Reached XP level 10. HP: 53/90 MP: 9/9
  7924 | D:8      | Found a staircase to the Lair.
  7969 | D:8      | Found a hazy altar of Hepliaklqana.
  8042 | D:8      | Noticed Gastronok
  8051 | D:8      | Killed Gastronok
  8051 | D:8      | Reached skill level 12 in Axes
  8459 | Lair:1   | Entered Level 1 of the Lair of Beasts
  8462 | Lair:1   | Noticed Fannar
  8667 | D:9      | Found a snail-covered altar of Cheibriados.
  8798 | D:9      | Noticed a two-headed ogre
  8806 | D:9      | Killed a two-headed ogre
  9326 | D:10     | Entered Level 10 of the Dungeon
  9356 | D:10     | Reached XP level 11. HP: 77/97 MP: 10/10
  9748 | D:10     | Found a staircase to the Orcish Mines.
  9766 | D:10     | Received a gift from Trog
 10186 | D:11     | Noticed a two-headed ogre
 10200 | D:11     | Killed a two-headed ogre
 10200 | D:11     | Reached skill level 13 in Axes
 10254 | D:11     | Reached skill level 10 in Fighting
 10290 | D:11     | Reached skill level 10 in Armour
 10324 | D:11     | Noticed an eight-headed hydra
 10325 | D:11     | Noticed a green ugly thing
 10332 | D:11     | Killed an 11-headed hydra
 10333 | D:11     | Reached **** piety under Trog
 10342 | D:11     | Killed a green ugly thing
 10519 | D:11     | Noticed a purple ugly thing
 10533 | D:11     | Killed a purple ugly thing
 11165 | D:11     | Reached skill level 14 in Axes
 11360 | D:11     | Noticed a purple ugly thing
 11376 | D:11     | Killed a purple ugly thing
 11544 | D:11     | Reached skill level 10 in Dodging
 11563 | D:12     | Noticed a two-headed ogre
 11568 | D:12     | Killed a two-headed ogre
 11568 | D:12     | Reached XP level 12. HP: 108/108 MP: 11/11
 11669 | D:12     | Reached ***** piety under Trog
 11826 | D:12     | Received a gift from Trog
 11915 | D:12     | Got a polished quick blade {god gift}
 12758 | D:12     | Reached skill level 15 in Axes
 12886 | D:12     | Noticed a two-headed ogre
 12913 | D:12     | Killed a two-headed ogre
 14029 | D:13     | Noticed BreadTh's ghost (journeyman SpEE)
 14055 | D:13     | Killed BreadTh's ghost
 14720 | D:13     | Reached skill level 16 in Axes
 14883 | D:13     | Noticed a centaur warrior
 14916 | D:13     | Killed a centaur warrior
 14916 | D:13     | Reached XP level 13. HP: 69/118 MP: 12/12
 15281 | Orc:1    | Entered Level 1 of the Orcish Mines
 15633 | Lair:1   | Killed Fannar
 15667 | Lair:1   | Received a gift from Trog
 17358 | Lair:3   | Found a staircase to the Snake Pit.
 17618 | Lair:3   | Reached skill level 17 in Axes
 18201 | Lair:3   | Found a staircase to the Shoals.
 18227 | Shoals:1 | Entered Level 1 of the Shoals
 18297 | Lair:3   | Noticed Urug
 18311 | Lair:3   | Killed Urug
 18924 | Snake:1  | Entered Level 1 of the Snake Pit
 19018 | Snake:1  | Found Kohalaoj's Distillery.
 19026 | Snake:1  | Bought a potion of haste for 120 gold pieces
 19270 | Snake:1  | Received a gift from Trog
 19772 | Snake:1  | Reached XP level 14. HP: 82/129 MP: 13/13
 20464 | Snake:1  | Reached skill level 18 in Axes
 20747 | Snake:2  | Found a basalt altar of Yredelemnul.
 23142 | Snake:3  | HP: 2/130 [naga sharpshooter/arrow (11)]
 23571 | Snake:3  | Received a gift from Trog
 24001 | Snake:3  | Found Ismymp's Assorted Antiques.
 24019 | Snake:3  | HP: 2/130 [shock serpent/bolt of electricity (19)]
 24019 | Snake:3  | Killed from afar by a shock serpent

Skill      XL: |  1  2  3  4  5  6  7  8  9 10 11 12 13 14 |
---------------+-------------------------------------------+-----
Axes           | 4 5 7 9 11 12 14 16 17 18 | 18.7
Fighting       | 4 5 6 7 8 9 10 12 13 | 13.9
Armour         | 3 4 5 6 8 9 10 12 13 14 | 14.0
Dodging        | 3 4 5 6 7 8 10 11 12 | 12.9

Action                   |  1- 3 |  4- 6 |  7- 9 | 10-12 | 13-15 || total
-------------------------+-------+-------+-------+-------+-------++-------
Melee: Hand axe          |    55 |    70 |   127 |       |       ||   252
       Headbutt          |    10 |    13 |    41 |   171 |   140 ||   375
       Battleaxe         |       |       |    83 |   596 |   546 ||  1225
       Executioner's axe |       |       |       |       |    21 ||    21
Invok: Berserk           |     2 |     3 |     8 |    14 |    14 ||    41
       Burn Spellbooks   |       |       |       |     1 |     1 ||     2
       Trog's Hand       |       |       |       |       |     2 ||     2
       Brothers in Arms  |       |       |       |       |     1 ||     1
  Use: Scroll            |     2 |       |    12 |     3 |     9 ||    26
       Potion            |       |       |       |       |    11 ||    11
 Stab: Distracted        |       |       |     1 |       |       ||     1
  Eat: Chunk             |     2 |    10 |    21 |    23 |    10 ||    66
       Meat ration       |       |       |       |     1 |       ||     1
       Royal jelly       |       |       |       |     1 |       ||     1
       Bread ration      |       |       |       |     2 |     5 ||     7
       Fruit             |       |       |       |       |    11 ||    11
Armor: Ring mail         |    18 |    11 |     8 |       |       ||    37
       Plate armour      |       |       |    60 |   317 |   254 ||   631
Dodge: Dodged            |    23 |    33 |    64 |   337 |   309 ||   766
